 Dungeon Crawl Stone Soup version 0.19.5 (webtiles) character file.

25109 Gargoyl the Protected (level 13, -6/110 HPs)
             Began as a Ghoul Abyssal Knight on Mar 16, 2017.
             Was a High Priest of Lugonu.
             Killed by dispel undead
             ... invoked by Josephine
              (34 damage)
             ... on level 6 of the Lair of Beasts.
             The game lasted 00:35:14 (12404 turns).

Gargoyl the Protected (Ghoul Abyssal Knight)       Turns: 12404, Time: 00:35:15

Health: -6/110     AC: 22    Str: 22    XL:     13   Next: 17%
Magic:  19/19      EV: 10    Int: 11    God:    Lugonu [*****.]
Gold:   253        SH:  6    Dex: 12    Spells: 0 memorised, 12 levels left

rFire  + + +     SeeInvis .     F - +9 trident of the Other Side {flame, *Contam rF++ Str+2 Int+4}
rCold  + . .     Gourm    .     r - +4 chain mail
rNeg   + + +     Faith    .     H - +1 buckler {reflect} rPois āˆž Spirit .
                                q - +2 helmet
rElec  .         Reflect  +     J - +0 cloak
rCorr  .         Harm     .     K - +0 pair of gloves
MR     .....                    (no boots)
Stlth  ..........               x - amulet of regeneration
                                z - +3 ring of strength
                                f - ring of protection from fire

@: rotting, slowed, very slow
A: rotting body, claws 1, carnivore 3, cold resistance 1, negative energy
resistance 3, slow regeneration 1, torment resistance, unbreathing
a: Depart the Abyss, Bend Space, Banish, Corrupt, Enter the Abyss, Renounce
Religion


You were on level 6 of the Lair of Beasts.
You worshipped Lugonu.
Lugonu was extremely pleased with you.
You were not hungry.

You visited 2 branches of the dungeon, and saw 17 of its levels.
You visited the Abyss 1 time.
You also visited: Labyrinth and Ossuary.

You collected 591 gold pieces.
You spent 338 gold pieces at shops.

Inventory:

Hand Weapons
 a - a +5 hand axe
 g - a +3 war axe of electrocution
 w - a +0 spear
 F - the +9 trident of the Other Side (weapon) {flame, *Contam rF++ Str+2 Int+4}
   (You took it off an orc on level 7 of the Dungeon)

   It has been specially enchanted to burn those struck by it, causing extra
   injury to most foes and up to half again as much damage against particularly
   susceptible opponents.
   It affects your strength (+2).
   It affects your intelligence (+4).
   It greatly protects you from fire.
   It causes magical contamination when unequipped.
Missiles
 s - 11 tomahawks (quivered)
 D - 5 steel javelins
Armour
 q - a +2 helmet (worn)
 r - a +4 chain mail (worn)
 H - a +1 buckler of reflection (worn)
 J - a +0 cloak (worn)
 K - a +0 pair of gloves (worn)
Rods
 l - a +2 lightning rod (12/12)
   (You found it in a labyrinth)
Jewellery
 f - a ring of protection from fire (left hand)
 x - an amulet of regeneration (around neck)
 z - a +3 ring of strength (right hand)
 C - an uncursed ring of protection from cold
 R - an uncursed ring of poison resistance {unknown}
Wands
 m - a wand of digging (7/24)
 o - a wand of disintegration (7/24)
 v - a wand of digging (10/24)
 A - a wand of iceblast (5/15)
 G - a wand of iceblast (6/15)
Scrolls
 e - 2 scrolls of magic mapping
 i - 6 scrolls of teleportation
 k - 9 scrolls of recharging
 t - a scroll of remove curse
 y - 2 scrolls of fear
 I - 6 scrolls of identify
 L - a scroll of torment
 O - a scroll of summoning
 P - a scroll of amnesia
Potions
 b - 3 potions of heal wounds
 d - 3 potions of might
 n - a potion of flight
 p - 6 potions of agility
 B - 5 potions of curing
 M - a potion of resistance
 N - 2 potions of brilliance
 Q - a potion of ambrosia
Books
 u - a book of Summonings

   Spells                             Type                      Level
   a - Recall                         Summoning/Translocation      3
   b - Aura of Abjuration             Summoning                    5
   c - Summon Demon                   Summoning                    5
   d - Summon Forest                  Summoning/Translocation      5
   e - Summon Mana Viper              Hexes/Summoning              5
   f - Shadow Creatures               Summoning                    6
 S - a book of Unlife

   Spells                             Type                      Level
   a - Recall                         Summoning/Translocation      3
   b - Animate Dead                   Necromancy                   4
   c - Control Undead                 Necromancy                   4
   d - Cigotuvi's Embrace             Necromancy                   5
   e - Death Channel                  Necromancy                   6
   f - Simulacrum                     Ice/Necromancy               6
Comestibles
 c - 8 meat rations
 h - 3 beef jerkies
 j - a chunk of flesh
 E - 8 royal jellies


   Skills:
 + Level 8.9 Fighting
 + Level 9.8(10.6) Axes
 + Level 6.5(9.1) Polearms
 + Level 0.8 Throwing
 * Level 11.2 Armour
 + Level 3.8 Dodging
 + Level 4.2 Shields
 * Level 10.0 Invocations


You had 12 spell levels left.
You didn't know any spells.

Dungeon Overview and Level Annotations

Branches:
Dungeon (11/15)            Temple (0/1) D:4            Lair (6/6) D:9
  Swamp (0/4) Lair:4        Snake (0/4) Lair:3        Slime (0/5) Lair:5
    Orc (0/2) D:9

Altars:
Cheibriados
Gozag
Kikubaaqudgha
Nemelex Xobeh
Sif Muna
Uskayaw
Xom
Yredelemnul
Zin
Jiyva

Shops:
D:5 (   D:7 [   D:8 :

Annotations:
Lair:6 Josephine
Abyss:1 Prince Ribbit


Innate Abilities, Weirdness & Mutations

Your body is rotting away.
You thrive on raw meat.
You are immune to poison.
You have sharp fingernails.
You are carnivorous and can eat meat at any time.
Your flesh is cold resistant. (rC+)
You are immune to negative energy. (rN+++)
You regenerate slowly when monsters are visible.
You are immune to unholy pain and torment.
You can survive without breathing.


Message History

The wraith drains your vigour!
You feel yourself slow down. You block Josephine's attack.
Unknown command.
You closely miss Josephine.
Josephine is heavily wounded.
You block the wraith's attack. The wraith hits you but does no damage.
Josephine closely misses you. The wraith hits you but does no damage.
Unknown command.
You puncture Josephine! You burn Josephine.
Josephine is severely wounded.
You block the wraith's attack. Josephine casts a spell at you.
You convulse!
The wraith hits you!
* * * LOW HITPOINT WARNING * * *
The wraith drains your vigour!
You feel as though you will be slow longer.
The wraith completely misses you.
Josephine gestures at you while chanting.
You convulse!
You die...

...............
Pā‰ˆ.............
...............
...............
.............
#........#
#..W@W..##
##...@....#
.##........P###..
.P.........P.#...
.................
.##P.#...........
...P.....###...#
..........#....#
..............P#.
.........<.......


You could see Josephine and 2 wraiths.

Vanquished Creatures
  4 hydras
  Pikel (D:4)
  The ghost of framaz the Thaumaturge, a novice DEFE of Vehumet (D:7)
  5 elephants
  3 black mambas
  8 spiny frogs
  4 komodo dragons
  2 rime drakes
  A queen bee (D:8)
  8 blink frogs
  6 hippogriffs
  A redback (Lab)
  13 yaks
  2 wraiths
  A wyvern (D:10)
  3 basilisks
  Menkaure (D:5)
  3 vampire mosquitoes (Lair:4)
  2 nagas (Lair:3)
  4 insubstantial wisps (Lair:4)
  7 water moccasins
  6 porcupines
  A swamp drake (Lair:4)
  2 sky beasts
  6 orc warriors
  A black bear (D:7)
  A necrophage (D:8)
  A phantom (D:8)
  2 ogres
  3 centaurs
  7 crocodiles
  8 bullfrogs
  2 elf zombies (Ossuary)
  A water moccasin skeleton (D:4)
  3 scorpions
  15 killer bees
  3 howler monkeys
  4 crimson imps
  A bullfrog zombie (D:9)
  2 hounds
  A jelly (D:8)
  8 orc wizards
  2 orc priests
  2 bullfrog skeletons
  A centaur skeleton (D:8)
  2 human zombies (Ossuary)
  An iguana (D:8)
  6 worker ants
  A killer bee zombie (D:5)
  2 big kobold zombies (Ossuary)
  A hound zombie (Ossuary)
  A hound skeleton (D:4)
  4 mummies
  A howler monkey zombie (D:3)
  9 adders
  3 shadow imps
  An adder skeleton (D:8)
  4 adder zombies (Ossuary)
  A worm (D:8)
  4 dart slugs
  4 leopard geckos
  20 orcs
  5 bats
  8 giant cockroaches
  A gnoll zombie (Ossuary)
  5 goblins
  6 hobgoblins
  10 jackals
  4 kobolds (D:1)
  3 quokkas
  2 ball pythons
  A frilled lizard (D:4)
  6 goblin zombies
  4 hobgoblin zombies (Ossuary)
  6 kobold zombies (Ossuary)
  2 leopard gecko skeletons (D:7)
  A leopard gecko zombie (D:6)
  An orc zombie (D:6)
  3 quokka zombies (Ossuary)
  5 rats
  4 rat zombies (Ossuary)
305 creatures vanquished.

Vanquished Creatures (others)
  A minotaur (Lab)
  A fire dragon (D:10)
  A hydra (Lair:2)
  A hill giant (D:10)
  A komodo dragon (Lair:4)
  A centaur (D:5)
  2 fungi
8 creatures vanquished.

Grand Total: 313 creatures vanquished

Notes
Turn   | Place    | Note
-------+----------+-------------------------------------------
     0 | Abyss:1  | Gargoyl the Ghoul Abyssal Knight began the quest for the Orb.
     0 | Abyss:1  | Reached XP level 1. HP: 19/19 MP: 1/1
    86 | Abyss:1  | Noticed an orange demon
    98 | Abyss:1  | Noticed an iron imp
   107 | D:1      | Escaped the Abyss
   187 | D:1      | Reached skill level 2 in Armour
   190 | D:1      | Reached skill level 1 in Dodging
   265 | D:1      | Reached XP level 2. HP: 26/26 MP: 2/2
   559 | D:1      | Reached * piety under Lugonu
   733 | D:1      | Reached XP level 3. HP: 33/33 MP: 3/3
   753 | D:2      | Found a sparkling altar of Nemelex Xobeh.
  1312 | D:2      | Reached XP level 4. HP: 40/40 MP: 4/4
  2048 | D:3      | Reached ** piety under Lugonu
  2233 | D:3      | Reached XP level 5. HP: 34/46 MP: 5/5
  2761 | D:4      | Reached skill level 3 in Armour
  2761 | D:4      | Reached XP level 6. HP: 48/53 MP: 7/7
  2779 | D:4      | Found an ancient bone altar of Kikubaaqudgha.
  2929 | D:4      | Found a staircase to the Ecumenical Temple.
  3014 | D:5      | Entered Level 5 of the Dungeon
  3313 | D:5      | Noticed a hand axe
  3315 | D:5      | Reached XP level 7. HP: 37/60 MP: 8/8
  3316 | D:5      | Noticed a hand axe
  3352 | D:5      | Noticed Menkaure
  3363 | D:5      | Killed Menkaure
  3367 | D:5      | Found a shimmering altar of Xom.
  3488 | D:5      | Found a hide-covered altar of Uskayaw.
  3565 | D:5      | Reached skill level 4 in Armour
  3566 | D:5      | Noticed Pikel
  3611 | D:4      | Killed Pikel
  3611 | D:4      | Reached skill level 5 in Fighting
  3611 | D:4      | Reached skill level 5 in Axes
  3611 | D:4      | Reached skill level 5 in Armour
  3611 | D:4      | Reached XP level 8. HP: 39/68 MP: 8/10
  3793 | D:5      | Found Piogu's Antique Weapon Shop.
  3985 | D:6      | Found a sand-covered staircase.
  3994 | Ossuary  | Entered an ossuary
  4078 | Ossuary  | Reached *** piety under Lugonu
  4374 | Ossuary  | Reached skill level 5 in Invocations
  4532 | D:6      | Reached XP level 9. HP: 73/73 MP: 11/11
  5230 | D:7      | Noticed Prince Ribbit
  5267 | D:7      | Banished Prince Ribbit
  5267 | D:7      | Reached skill level 6 in Armour
  5283 | D:7      | Noticed framaz's ghost (novice DEFE)
  5350 | D:5      | Bought a runed war axe for 228 gold pieces
  5545 | D:7      | Killed framaz's ghost
  5603 | D:7      | Got a crystal trident {flame}
  5725 | D:7      | Found Cezuce's Armour Emporium.
  5740 | D:7      | Found a glowing silver altar of Zin.
  5741 | D:7      | Found an opulent altar of Gozag.
  5830 | D:7      | Found a deep blue altar of Sif Muna.
  5863 | D:8      | Noticed a queen bee
  5864 | D:8      | Reached skill level 1 in Shields
  5882 | D:8      | Killed a queen bee
  5886 | D:8      | Found Xismeut's Book Emporium.
  6123 | D:8      | Reached XP level 10. HP: 70/84 MP: 13/13
  6277 | D:8      | Reached **** piety under Lugonu
  6467 | D:8      | Reached skill level 7 in Armour
  6635 | D:8      | Found a snail-covered altar of Cheibriados.
  6894 | D:9      | Found a staircase to the Lair.
  7007 | D:9      | Found a staircase to the Orcish Mines.
  7009 | D:9      | Found a basalt altar of Yredelemnul.
  7314 | D:9      | You fall through a shaft for 2 floors!
  7355 | D:10     | Entered Level 10 of the Dungeon
  7365 | D:10     | Noticed a fire dragon
  7373 | D:10     | Banished a fire dragon
  7554 | D:10     | Reached XP level 11. HP: 82/92 MP: 15/15
  7594 | D:10     | Found a hide-covered altar of Uskayaw.
  7722 | D:10     | Noticed a hill giant
  7733 | D:10     | Banished a hill giant
  7733 | D:10     | Reached skill level 8 in Armour
  7801 | D:7      | Bought a +0 buckler of reflection for 110 gold pieces
  7859 | Lair:1   | Entered Level 1 of the Lair of Beasts
  7959 | Lair:1   | HP: 4/92 [komodo dragon (14)]
  8074 | Lair:1   | Found a labyrinth entrance.
  8113 | Lab      | Entered a labyrinth
  8414 | Lab      | Noticed a minotaur
  8420 | Lab      | Banished a minotaur
  8578 | Lair:1   | Identified the +9 trident of the Other Side {flame, *Contam rF++ Str+2 Int+4} (You took it off an orc on level 7 of the Dungeon)
  9035 | Lair:2   | Noticed a seven-headed hydra
  9046 | Lair:2   | Killed a seven-headed hydra
  9046 | Lair:2   | Reached skill level 9 in Armour
  9123 | Lair:2   | Reached skill level 1 in Polearms
  9215 | Lair:2   | Noticed a five-headed hydra
  9230 | Lair:2   | Banished a five-headed hydra
  9298 | Lair:2   | Reached XP level 12. HP: 71/102 MP: 17/17
  9758 | Lair:2   | Reached skill level 10 in Armour
  9903 | Lair:3   | Noticed a four-headed hydra
  9960 | Lair:3   | Killed a four-headed hydra
 10080 | Lair:3   | Found a staircase to the Snake Pit.
 10644 | Lair:4   | Reached ***** piety under Lugonu
 10852 | Lair:4   | Reached skill level 5 in Polearms
 10853 | Lair:4   | Found a staircase to the Swamp.
 10977 | Lair:4   | Noticed a four-headed hydra
 10986 | Lair:4   | Killed a four-headed hydra
 11074 | Lair:4   | You fall through a shaft!
 11746 | Lair:5   | Reached XP level 13. HP: 107/110 MP: 19/19
 11788 | Lair:5   | Reached skill level 11 in Armour
 11788 | Lair:5   | Reached skill level 10 in Invocations
 12149 | Lair:5   | Found a staircase to the Slime Pits.
 12149 | Lair:5   | Found a viscous altar of Jiyva.
 12381 | Lair:6   | Entered Level 6 of the Lair of Beasts
 12392 | Lair:6   | Noticed Josephine
 12404 | Lair:6   | Killed from afar by Josephine

Skill      XL: |  1  2  3  4  5  6  7  8  9 10 11 12 13 |
---------------+----------------------------------------+-----
Armour         | 2 3 5 6 7 9 10 11 | 11.2
Dodging        | 1 2 3 |  3.8
Axes           | 2 3 4 5 6 7 9 |  9.8
Fighting       | 4 5 6 7 8 |  8.9
Invocations    | 3 4 5 6 7 8 9 10 | 10.0
Shields        | 1 2 3 4 |  4.2
Polearms       | 2 5 6 |  6.5
Throwing       | |  0.8

Action                   |  1- 3 |  4- 6 |  7- 9 | 10-12 | 13-15 || total
-------------------------+-------+-------+-------+-------+-------++-------
Melee: Hand axe          |   116 |   245 |   334 |       |       ||   695
       War axe           |       |       |    74 |   331 |       ||   405
       Trident           |       |       |       |   337 |    67 ||   404
Throw: Tomahawk          |       |       |       |    14 |       ||    14
Invok: Depart the Abyss  |     1 |       |       |       |       ||     1
       Banish            |       |       |     2 |     5 |       ||     7
       Bend Space        |       |       |       |     1 |       ||     1
  Use: Scroll            |     7 |    10 |    11 |     8 |     1 ||    37
       Potion            |     4 |       |     2 |    10 |       ||    16
  Eat: Chunk             |    15 |    29 |    20 |   100 |    10 ||   174
Armor: Leather armour    |    19 |       |       |       |       ||    19
       Chain mail        |    21 |   213 |   285 |   521 |    56 ||  1096
Dodge: Dodged            |    77 |   114 |   154 |   305 |    33 ||   683
Block: Buckler           |       |       |    46 |   195 |    22 ||   263
       Reflection        |       |       |       |     1 |       ||     1
